[Event "Titled Tuesday Blitz November 01 Early 2022"]
[White "Koridze, Lile"]
[Black "Zilleruelo Irizarry, Diego"]
[WhiteFideId "13612514"]
[BlackFideId "3101460"]
[WhiteElo "2050"]
[BlackElo "1998"]
[Result "1-0"]
[Round "09"]
[TimeControl "180+1"]
[Date "2022.11.02"]
[WhiteClock "0:01:13"]
[BlackClock "0:00:04"]

1. d4 d5 2. c4 e6 3. Nf3 Nf6 4. g3 Be7 5. Bg2 O-O 6. O-O c6 7. Qc2 Nbd7 8. Nbd2 b6 9. e4 dxe4 10. Nxe4 Nxe4 11. Qxe4 Bb7 12. Bf4 Qc8 13. Rad1 Rd8 14. Ng5 Nf6 15. Qf3 h6 16. Ne4 Rd7 17. Nxf6+ Bxf6 18. Bxh6 c5 19. d5 exd5 20. cxd5 Bxb2 21. Qg4 Rd8 22. Qe2 Bd4 23. Bg5 Ba6 24. Qh5 Re8 25. Rfe1 Qf5 26. Bf3 g6 27. Qg4 Qxg4 28. Bxg4 Bc4 29. d6 Rxe1+ 30. Rxe1 f5 31. Bf3 Rf8 32. d7 Bxa2 33. d8=Q Rxd8 34. Bxd8 Kf7 35. Re7+ Kf8 36. Rxa7 b5 37. Rxa2 1-0


[Site "https://www.chess.com"]

[Event "Titled Tuesday Blitz November 01 Early 2022"]
[White "Kosakowski, Jakub"]
[Black "Unat, Can Haktan"]
[WhiteFideId "1185080"]
[BlackFideId "6398073"]
[WhiteElo "2463"]
[BlackElo "2146"]
[Result "1-0"]
[Round "09"]
[TimeControl "180+1"]
[Date "2022.11.02"]
[WhiteClock "0:00:12"]
[BlackClock "0:00:18"]

1. e4 c5 2. c3 Nf6 3. e5 Nd5 4. Nf3 e6 5. g3 g6 6. Bg2 Bg7 7. O-O O-O 8. d4 Nc6 9. Re1 d6 10. exd6 Qxd6 11. Na3 cxd4 12. Nb5 Qc5 13. Nbxd4 Nxd4 14. Nxd4 Bd7 15. Nb3 Qc7 16. Bg5 Rfe8 17. Qd2 Bc6 18. Rad1 f6 19. Bh6 Rad8 20. Nd4 e5 21. Nxc6 bxc6 22. Bxg7 Kxg7 23. Qe2 Ne7 24. Qc4 Qb6 25. b4 a5 26. h4 axb4 27. cxb4 Nf5 28. a4 Nxg3 29. a5 Qa7 30. Rxd8 Rxd8 31. Qxc6 Rb8 32. Qc4 Rd8 33. Qc5 Ne2+ 34. Rxe2 Rd1+ 35. Kh2 Qb8 36. Qb6 Qe8 37. a6 g5 38. a7 Qh5 39. Qe3 Qxh4+ 40. Qh3 Qf4+ 41. Qg3 Qxb4 42. a8=Q Rd7 43. Qe8 Re7 44. Qd8 Rf7 45. Bd5 Re7 46. Qg8+ Kh6 47. Qh3+ Qh4 48. Qf8+ Rg7 49. Qxf6+ Rg6 50. Qf8+ Rg7 51. Qf6+ Rg6 52. Qxh4+ gxh4 53. Qxh4+ Kg7 54. Qe7+ Kh6 55. Qf8+ Kg5 56. Rxe5+ Kh4 57. Qf4+ Rg4 58. Qh6# 1-0


[Site "https://www.chess.com"]

[Event "Titled Tuesday Blitz November 01 Early 2022"]
[White "Kosteniuk, Alexandra"]
[Black "Madaminov, Mukhiddin"]
[WhiteFideId "4128125"]
[BlackFideId "14210703"]
[WhiteElo "2469"]
[BlackElo "2341"]
[Result "1-0"]
[Round "09"]
[TimeControl "180+1"]
[Date "2022.11.01"]
[WhiteClock "0:00:19"]
[BlackClock "0:00:02"]

1. e4 e5 2. Nf3 Nc6 3. Bc4 Nf6 4. d4 Nxe4 5. dxe5 Nc5 6. O-O Be7 7. Nc3 O-O 8. Nd5 b6 9. Re1 Bb7 10. Nxe7+ Nxe7 11. Bg5 Ne6 12. Bh4 Qe8 13. Bd3 h6 14. c3 a5 15. Bc2 a4 16. Qd3 Ng6 17. Bg3 Nc5 18. Qe2 Qe6 19. Nd4 Qd5 20. f4 Rae8 21. Qf2 Ne7 22. b3 axb3 23. axb3 Nc6 24. Rad1 Nxd4 25. Rxd4 Qc6 26. f5 f6 27. b4 fxe5 28. Rg4 Ne6 29. Bxe5 Ng5 30. h4 Nh3+ 31. Kh2 Nxf2 32. Rxg7+ Kh8 33. Re7+ Rf6 34. Bxf6+ Kg8 35. Bb3+ 1-0


[Site "https://www.chess.com"]

[Event "Titled Tuesday Blitz November 01 Early 2022"]
[White "Kowalczyk, Pawel"]
[Black "Dushyant Sharma"]
[WhiteFideId "1130641"]
[BlackFideId "25065130"]
[WhiteElo "2324"]
[BlackElo "2270"]
[Result "1-0"]
[Round "09"]
[TimeControl "180+1"]
[Date "2022.11.02"]
[WhiteClock "0:00:36"]
[BlackClock "0:00:07"]

1. e4 d5 2. exd5 Nf6 3. Bb5+ c6 4. dxc6 Nxc6 5. d4 Bg4 6. Nf3 e6 7. O-O Be7 8. c3 O-O 9. Nbd2 Rc8 10. h3 Bh5 11. Re1 a6 12. Be2 b5 13. a4 Rb8 14. axb5 axb5 15. Nf1 Nd5 16. Ng3 Bg6 17. Bf1 Qc7 18. Ne4 Rfd8 19. Bg5 Bxg5 20. Nfxg5 b4 21. Qc1 h6 22. Nf3 Bh5 23. Nc5 Bxf3 24. Na6 Qd6 25. Nxb8 Rxb8 26. gxf3 Nce7 27. Ra6 Qc7 28. c4 Nf6 29. Bd3 Qb7 30. c5 Qxf3 31. Qe3 Qh5 32. Qe5 Qxe5 33. dxe5 Nfd5 34. Be4 Nf4 35. Kh2 Rc8 36. c6 f5 37. exf6 gxf6 38. Rc1 Rc7 39. Rb6 f5 40. Rb7 Nfd5 41. Bxd5 Nxd5 42. Rxc7 Nxc7 43. Rc4 Kf7 44. Rxb4 Ke7 45. Rd4 e5 46. Rd7+ 1-0


[Site "https://www.chess.com"]

[Event "Titled Tuesday Blitz November 01 Early 2022"]
[White "Kvaloy, Aksel Bu"]
[Black "Mesa Cruz, Juan Carlos"]
[WhiteFideId "1528815"]
[BlackFideId "6423400"]
[WhiteElo "2178"]
[BlackElo "2059"]
[Result "1-0"]
[Round "09"]
[TimeControl "180+1"]
[Date "2022.11.02"]
[WhiteClock "0:00:20"]
[BlackClock "0:00:05"]

1. d4 Nf6 2. c4 e6 3. g3 d5 4. Nf3 Be7 5. Bg2 O-O 6. O-O dxc4 7. Qc2 a6 8. a4 Bd7 9. Qxc4 Bc6 10. Rd1 Bd5 11. Qc2 Nc6 12. Nc3 Nb4 13. Qb1 Bb3 14. Rd2 c6 15. Ra3 Bc2 16. Rxc2 Nxc2 17. Qxc2 Bxa3 18. bxa3 Qa5 19. Bg5 Nd5 20. Bd2 Nxc3 21. Bxc3 Qh5 22. Ne5 Rfd8 23. Bf3 Qg5 24. e3 Rac8 25. h4 Qf6 26. Bb4 c5 27. Bxb7 Rb8 28. Ba5 Rxb7 29. Bxd8 Qxd8 30. Qxc5 Rb1+ 31. Kg2 Qd5+ 32. Qxd5 exd5 33. Nd7 Ra1 34. Nc5 Rxa3 35. Nxa6 Rxa4 36. Nc5 Ra3 37. Kf3 Kf8 38. Kf4 Ke7 39. Ke5 Ra2 40. Kxd5 Rxf2 41. Kc6 Rf3 42. d5 Rf6+ 43. Kc7 h5 44. Nb7 Rg6 45. d6+ Kf6 46. d7 Rxg3 47. d8=Q+ Kg6 48. Qd6+ f6 49. Qxg3+ Kh6 50. Nd6 g5 51. Nf7+ Kg6 52. Nxg5 fxg5 53. Qxg5+ Kh7 54. Kd7 Kh8 55. Ke7 Kh7 56. Kf7 Kh8 57. Qg7# 1-0


[Site "https://www.chess.com"]

[Event "Titled Tuesday Blitz November 01 Early 2022"]
[White "Lawson, Eric"]
[Black "Clawitter, Craig"]
[WhiteFideId "2604116"]
[BlackFideId "2023105"]
[WhiteElo "2509"]
[BlackElo "2303"]
[Result "0-1"]
[Round "09"]
[TimeControl "180+1"]
[Date "2022.11.02"]
[WhiteClock "0:00:13"]
[BlackClock "0:00:05"]

1. e4 e6 2. d4 d5 3. e5 c5 4. c3 Qb6 5. Nf3 Nc6 6. Be2 Nh6 7. Bxh6 gxh6 8. Qd2 Bd7 9. O-O Bg7 10. a3 O-O 11. b4 cxd4 12. cxd4 f6 13. exf6 Rxf6 14. Nc3 Raf8 15. Na4 Qc7 16. Rac1 Qf4 17. Qe3 Nxd4 18. Qxd4 Qxd4 19. Nxd4 Rxf2 20. Nxe6 Rxf1+ 21. Bxf1 Bxe6 22. Nc5 Bd4+ 23. Kh1 Bxc5 24. bxc5 Rc8 25. Kg1 Kf7 26. Kf2 d4 27. Kf3 Bd5+ 28. Kf4 b6 29. Bc4 Bxc4 30. Rxc4 Rxc5 31. Rxd4 Ke6 32. Ra4 a5 33. g4 Kd5 34. Kf5 Rc4 35. Rxc4 Kxc4 36. Kf6 b5 37. Kg7 b4 38. axb4 axb4 39. Kxh6 b3 40. Kxh7 b2 41. g5 b1=Q+ 42. g6 Kd5 43. h4 Qf5 44. h5 Qxh5+ 45. Kg7 Ke6 46. Kf8 Qf5+ 47. Kg8 Ke7 48. Kh8 Qh5+ 49. Kg7 Qg5 50. Kh7 Kf6 51. Kh8 Qh6+ 52. Kg8 Qg7# 0-1


[Site "https://www.chess.com"]

[Event "Titled Tuesday Blitz November 01 Early 2022"]
[White "Ljukin, Sergei"]
[Black "Shuvalov, Evgenij"]
[WhiteFideId "14102200"]
[BlackFideId "4187237"]
[WhiteElo "2312"]
[BlackElo "2049"]
[Result "1-0"]
[Round "09"]
[TimeControl "180+1"]
[Date "2022.11.02"]
[WhiteClock "0:00:08"]
[BlackClock "0:00:08"]

1. e4 e6 2. d4 d5 3. Nc3 Bb4 4. e5 c5 5. a3 Bxc3+ 6. bxc3 Ne7 7. h4 Qc7 8. Rb1 b6 9. h5 h6 10. Qg4 Kf8 11. Nf3 Ba6 12. Bxa6 Nxa6 13. O-O Kg8 14. a4 Kh7 15. Ba3 Rhc8 16. Qf4 Kg8 17. g4 Nb8 18. Nh4 f6 19. Qe3 fxe5 20. dxe5 Nbc6 21. f4 d4 22. cxd4 Nd5 23. Qh3 Nxd4 24. Rf2 Rf8 25. f5 Qxe5 26. Bb2 exf5 27. Nxf5 Rae8 28. Rbf1 Qe4 29. Nd6 1-0


[Site "https://www.chess.com"]

[Event "Titled Tuesday Blitz November 01 Early 2022"]
[White "Malyi, Viacheslav"]
[Black "Chernobay, Artem"]
[WhiteFideId "14123983"]
[BlackFideId "4167406"]
[WhiteElo "2291"]
[BlackElo "2473"]
[Result "0-1"]
[Round "09"]
[TimeControl "180+1"]
[Date "2022.11.02"]
[WhiteClock "0:00:58"]
[BlackClock "0:00:33"]

1. e4 e6 2. d4 d5 3. Nc3 Nf6 4. Bg5 Be7 5. e5 Nfd7 6. Bxe7 Qxe7 7. f4 a6 8. Nf3 c5 9. Qd2 Nc6 10. O-O-O b5 11. dxc5 Nxc5 12. Nd4 Bd7 13. Nxc6 Bxc6 14. Ne2 b4 15. Nd4 Bd7 16. Bd3 O-O 17. Kb1 a5 18. h4 a4 19. h5 b3 20. cxb3 axb3 21. a3 Ra4 22. Bb5 Rxd4 23. Qxd4 Bxb5 24. h6 g6 25. Rc1 Ne4 26. g4 Be2 27. g5 Bg4 28. Rc6 Ng3 29. Rhc1 Ne2 30. Qc5 Qxc5 31. R1xc5 Nxf4 32. Rc8 d4 33. Rxf8+ Kxf8 34. Rc8+ Ke7 35. Kc1 Nd3+ 36. Kd2 Nxb2 37. Rb8 Nc4+ 38. Kd3 Nxe5+ 39. Kxd4 Nc6+ 0-1


[Site "https://www.chess.com"]

[Event "Titled Tuesday Blitz November 01 Early 2022"]
[White "Manukian, Artak"]
[Black "Jakubowski, Krzysztof"]
[WhiteFideId "13301373"]
[BlackFideId "1112848"]
[WhiteElo "2478"]
[BlackElo "2373"]
[Result "1-0"]
[Round "09"]
[TimeControl "180+1"]
[Date "2022.11.02"]
[WhiteClock "0:00:25"]
[BlackClock "0:00:05"]

1. e4 c5 2. Nf3 e6 3. c3 Nf6 4. e5 Nd5 5. d4 cxd4 6. cxd4 b6 7. Nc3 Bb7 8. Bd3 Nxc3 9. bxc3 h6 10. O-O Nc6 11. a4 Rc8 12. h4 Na5 13. Bd2 Be7 14. h5 Qc7 15. Bb1 Nc4 16. Bc1 Bd5 17. Nd2 Nxd2 18. Bxd2 f5 19. exf6 Bxf6 20. Bg6+ Ke7 21. Rc1 Qc4 22. Bf4 Rc6 23. Bd3 Qb3 24. c4 Qxd1 25. Rfxd1 Bxd4 26. cxd5 Rxc1 27. d6+ Kf6 28. Rxc1 Bc5 29. a5 e5 30. axb6 axb6 31. Be3 Bxe3 32. fxe3 Ke6 33. Bb5 Ra8 34. Rd1 Rc8 35. Be2 Kf5 36. Bb5 Ke6 37. e4 Rc2 38. Kf1 Rc5 39. Be2 Kf6 40. Bg4 Kg5 41. Bxd7 Kf4 42. Bh3 1-0


[Site "https://www.chess.com"]

[Event "Titled Tuesday Blitz November 01 Early 2022"]
[White "Matinian, Nikita"]
[Black "Zakhartsov, Vladimir"]
[WhiteFideId "24129100"]
[BlackFideId "4145097"]
[WhiteElo "2422"]
[BlackElo "2492"]
[Result "0-1"]
[Round "09"]
[TimeControl "180+1"]
[Date "2022.11.01"]
[WhiteClock "0:00:01"]
[BlackClock "0:00:08"]

1. e4 g6 2. d4 Bg7 3. Nc3 d6 4. Be3 a6 5. g4 b5 6. Bg2 Bb7 7. h4 h5 8. gxh5 Rxh5 9. Bf3 Rh8 10. h5 gxh5 11. Nh3 e6 12. Qd2 Nf6 13. Ng5 Nbd7 14. O-O-O Qe7 15. Rdg1 O-O-O 16. e5 dxe5 17. Qe2 b4 18. Bxb7+ Kxb7 19. Na4 Nd5 20. Ne4 exd4 21. Rxg7 dxe3 22. Qc4 Ra8 23. Nec5+ Nxc5 24. Nxc5+ Kb6 25. Na4+ Ka7 26. fxe3 Nb6 27. Nxb6 cxb6 28. Qf4 Raf8 29. Rh4 e5 30. Qe4 Qf6 31. Rg1 Rc8 32. Rh2 a5 33. b3 h4 34. Rd2 Rc7 35. Rgd1 Rhc8 36. Rd6 Rxc2+ 37. Kb1 Qf2 38. Rd7+ R8c7 39. Rxc7+ Rxc7 40. Ka1 Qc2 0-1


[Site "https://www.chess.com"]

[Event "Titled Tuesday Blitz November 01 Early 2022"]
[White "Matveeva, Olga"]
[Black "Luxama, Jacques Muller"]
[WhiteFideId "24107018"]
[BlackFideId "11900113"]
[WhiteElo "2055"]
[BlackElo "1931"]
[Result "1-0"]
[Round "09"]
[TimeControl "180+1"]
[Date "2022.11.02"]
[WhiteClock "0:00:38"]
[BlackClock "0:00:01"]

1. d4 Nf6 2. c4 e6 3. g3 d5 4. Nf3 Bb4+ 5. Bd2 Be7 6. Bg2 O-O 7. O-O dxc4 8. Qc2 a6 9. a4 Nbd7 10. Qxc4 Nb6 11. Qc2 Bd7 12. Ne5 Bc8 13. Bc3 c5 14. dxc5 Bxc5 15. Ba5 Bd6 16. Rd1 Qe7 17. Bxb6 Bxe5 18. Nc3 Bd7 19. a5 Bc6 20. Bxc6 bxc6 21. Rac1 Rac8 22. Na4 Nd7 23. Qe4 Nxb6 24. Nxb6 Bxb2 25. Nxc8 Rxc8 26. Rxc6 Rf8 27. Rxa6 h5 28. Rad6 Ba3 29. Rd7 Qc5 30. a6 Qb6 31. a7 Bc5 32. Qf3 Qa6 33. Qb7 Qxe2 34. Qg2 Qa6 35. Qf1 Qa5 36. Qe2 1-0


[Site "https://www.chess.com"]

[Event "Titled Tuesday Blitz November 01 Early 2022"]
[White "Maximov, Dmitry"]
[Black "Lopez, Henry"]
[WhiteFideId "14105659"]
[BlackFideId "5203830"]
[WhiteElo "2494"]
[BlackElo "2177"]
[Result "0-1"]
[Round "09"]
[TimeControl "180+1"]
[Date "2022.11.02"]
[WhiteClock "0:00:03"]
[BlackClock "0:00:02"]

1. e4 e5 2. Nf3 Nc6 3. Bb5 a6 4. Ba4 Nf6 5. O-O Be7 6. Re1 b5 7. Bb3 d6 8. c3 O-O 9. h3 Bb7 10. d4 Re8 11. Nbd2 Bf8 12. Bc2 h6 13. a3 Nb8 14. b3 Nbd7 15. Bb2 c6 16. Nf1 Qc7 17. Ng3 g6 18. Qd2 Bg7 19. Rad1 Rad8 20. Bb1 c5 21. d5 c4 22. b4 a5 23. Bc1 axb4 24. axb4 Ra8 25. Qb2 Nb6 26. Be3 Na4 27. Qd2 Kh7 28. Rc1 Bc8 29. Bc2 Bd7 30. Ra1 Nb2 31. Reb1 Rxa1 32. Rxa1 Na4 33. Ne2 Ra8 34. Ne1 Nh5 35. Kh2 Qc8 36. f3 Nf6 37. g4 Qb7 38. Ng2 Ng8 39. Ng3 Ne7 40. Rf1 Rf8 41. f4 exf4 42. Nxf4 Bxc3 43. Qf2 Bg7 44. Bd4 Bxd4 45. Qxd4 Qb6 46. Qf6 Ng8 47. Qh4 Qd8 48. Qxd8 Rxd8 49. Nfe2 Kg7 50. Nd4 Nf6 51. Kg2 Ra8 52. Rf3 Nb6 53. Rf2 Ra3 54. Nge2 c3 55. Nf4 Nc4 56. Kf3 Ne5+ 57. Ke3 Ra2 58. Rg2 Rb2 59. Nd3 Nxd3 60. Kxd3 Rxb4 61. Kxc3 Rc4+ 62. Kd3 Rc5 63. Bb3 b4 64. Re2 Rc3+ 65. Kd2 Rxh3 66. e5 dxe5 67. Rxe5 Bxg4 68. d6 Rh2+ 69. Ke3 Rh3+ 70. Kf2 Rd3 71. Re7 g5 72. Rxf7+ Kg6 73. Rf8 Rxd4 74. Bc2+ Bf5 75. Bxf5+ Kxf5 76. Rb8 Rxd6 77. Rxb4 Rd3 78. Rb5+ Kf4 79. Ke2 Re3+ 80. Kf2 Ne4+ 81. Kg2 g4 82. Rb8 Re2+ 83. Kf1 Ra2 84. Rf8+ Kg3 85. Re8 Ng5 86. Re3+ Nf3 0-1


[Site "https://www.chess.com"]

[Event "Titled Tuesday Blitz November 01 Early 2022"]
[White "Mayaud, Raphael"]
[Black "Guz, Ari"]
[WhiteFideId "627151"]
[BlackFideId "2825759"]
[WhiteElo "2191"]
[BlackElo "2205"]
[Result "0-1"]
[Round "09"]
[TimeControl "180+1"]
[Date "2022.11.02"]
[WhiteClock "0:01:22"]
[BlackClock "0:01:50"]

1. d4 g6 2. e4 Bg7 3. Nc3 d6 4. Nf3 Nf6 5. Bc4 O-O 6. Bb3 c5 7. dxc5 dxc5 8. O-O Nc6 9. Bg5 Bg4 10. h3 Qxd1 11. Rfxd1 Bxf3 12. gxf3 Nd4 13. Kg2 Nh5 14. Be3 Be5 15. Nd5 e6 16. f4 Bb8 0-1


[Site "https://www.chess.com"]

[Event "Titled Tuesday Blitz November 01 Early 2022"]
[White "Mekhitarian, Krikor Sevag"]
[Black "Besedes, Danilo"]
[WhiteFideId "2107660"]
[BlackFideId "946796"]
[WhiteElo "2614"]
[BlackElo "2352"]
[Result "1-0"]
[Round "09"]
[TimeControl "180+1"]
[Date "2022.11.02"]
[WhiteClock "0:01:23"]
[BlackClock "0:00:06"]

1. e4 d6 2. d4 e5 3. Nf3 Nc6 4. Be3 Bd7 5. Nc3 Nf6 6. h3 Be7 7. Qd2 exd4 8. Nxd4 Nxd4 9. Bxd4 a6 10. O-O-O Be6 11. Kb1 Qd7 12. f4 Qd8 13. g4 Bd7 14. Bg2 Bc6 15. Rhe1 O-O 16. e5 dxe5 17. fxe5 Nd5 18. Bf2 Nxc3+ 19. Qxc3 Qe8 20. Bxc6 Qxc6 21. Qxc6 bxc6 22. Rd7 Bd8 23. c4 Re8 24. Kc2 Rc8 25. Red1 Be7 26. Bd4 Kf8 27. Bc3 Bg5 28. b4 Bf4 29. Rf1 g5 30. Bd2 Rxe5 31. Bxf4 gxf4 32. Rxf4 Re7 33. Rxe7 Kxe7 34. Rf5 Rb8 35. Kc3 Ke6 36. Ra5 Rd8 37. Rxa6 Kd7 38. Ra5 Re8 39. Rh5 Re3+ 40. Kd4 Ra3 41. Rxh7 Ke7 42. Kc5 Rxa2 43. g5 Ra6 44. g6 1-0


[Site "https://www.chess.com"]

[Event "Titled Tuesday Blitz November 01 Early 2022"]
[White "Melikyan, Gnel"]
[Black "Jones, Gawain C B"]
[WhiteFideId "54109990"]
[BlackFideId "409561"]
[WhiteElo "2138"]
[BlackElo "2657"]
[Result "0-1"]
[Round "09"]
[TimeControl "180+1"]
[Date "2022.11.01"]
[WhiteClock "0:00:19"]
[BlackClock "0:01:14"]

1. e4 c5 2. Nf3 d6 3. d4 cxd4 4. Nxd4 Nf6 5. Nc3 g6 6. Be3 Bg7 7. f3 Nc6 8. Qd2 O-O 9. g4 Be6 10. Nxe6 fxe6 11. O-O-O Ne5 12. Be2 Qc8 13. h4 Nc4 14. Bxc4 Qxc4 15. h5 gxh5 16. gxh5 Kf7 17. Rdg1 Rg8 18. Bh6 Bxh6 19. Qxh6 b5 20. e5 dxe5 21. Ne4 Qxa2 22. Ng5+ Ke8 23. c3 Rd8 24. Kc2 b4 25. cxb4 Rc8+ 0-1


[Site "https://www.chess.com"]

[Event "Titled Tuesday Blitz November 01 Early 2022"]
[White "Migot, Tangi"]
[Black "Buscar, Michael"]
[WhiteFideId "662445"]
[BlackFideId "2603616"]
[WhiteElo "2586"]
[BlackElo "2010"]
[Result "1-0"]
[Round "09"]
[TimeControl "180+1"]
[Date "2022.11.02"]
[WhiteClock "0:01:38"]
[BlackClock "0:00:17"]

1. f4 g6 2. d4 d5 3. c3 Bg7 4. Nf3 Nh6 5. Be3 Nf5 6. Bf2 h5 7. Nbd2 Nd7 8. e4 dxe4 9. Nxe4 b6 10. Bd3 Bb7 11. Qe2 Nf6 12. O-O-O Qd5 13. Nxf6+ Bxf6 14. Kb1 O-O-O 15. Rhe1 e6 16. Bc4 Qa5 17. g3 Kb8 18. Ne5 Rhf8 19. h3 Nd6 20. Bd3 Bd5 21. c4 Bb7 22. Rc1 Nf5 23. d5 exd5 24. c5 Bxe5 25. Qxe5 Rfe8 26. Qf6 Rxe1 27. Qxd8+ 1-0


[Site "https://www.chess.com"]

[Event "Titled Tuesday Blitz November 01 Early 2022"]
[White "Mihailidis, Anastasios"]
[Black "Shapiro, Daniel"]
[WhiteFideId "4205588"]
[BlackFideId "2001780"]
[WhiteElo "2312"]
[BlackElo "2245"]
[Result "0-1"]
[Round "09"]
[TimeControl "180+1"]
[Date "2022.11.02"]
[WhiteClock "0:00:07"]
[BlackClock "0:00:19"]

1. e4 e5 2. Nf3 Nc6 3. d4 exd4 4. Nxd4 d6 5. Bb5 Bd7 6. Bxc6 bxc6 7. O-O Nf6 8. c4 g6 9. Nc3 Bg7 10. Re1 O-O 11. Nc2 Re8 12. Bf4 Ng4 13. f3 Ne5 14. Bxe5 Bxe5 15. Qd2 Qf6 16. Ne3 Qf4 17. Nf1 Qxd2 18. Nxd2 Rab8 19. Rab1 Be6 20. g3 Bd4+ 21. Kg2 Bxc3 22. bxc3 Rb6 23. Rb3 Reb8 24. h3 a5 25. Reb1 a4 26. Rxb6 Rxb6 27. Rxb6 cxb6 28. a3 f5 29. g4 Kg7 30. Kf2 fxe4 31. fxe4 h5 32. gxh5 gxh5 33. h4 Kf6 34. Ke3 Bg4 35. Nf1 Ke5 36. Nd2 Bd1 37. Nf3+ Bxf3 38. Kxf3 b5 39. cxb5 cxb5 40. Ke3 d5 41. exd5 Kxd5 42. Kd3 Kc5 43. Kd2 Kd5 44. Kd3 Kc5 45. Kd2 Kc4 46. Kc2 Kc5 47. Kd3 Kd5 48. Kd2 Ke4 49. Kc2 Ke3 50. c4 bxc4 51. Kc3 Kf3 52. Kxc4 Kg4 53. Kb4 Kxh4 54. Kxa4 Kg3 55. Kb5 h4 56. a4 h3 57. a5 h2 58. Kb6 h1=Q 59. Ka7 Qg1+ 60. Kb7 Qb1+ 61. Ka7 Qh7+ 62. Kb6 Qg6+ 63. Ka7 Qf7+ 64. Kb6 Qe6+ 65. Ka7 Qd7+ 66. Kb6 Qd5 67. Ka7 Qxa5+ 68. Kb7 Kf4 69. Kb8 Qb6+ 70. Ka8 Qh6 71. Kb8 Qh7 72. Kc8 Ke5 73. Kb8 Kd6 74. Kc8 Qc7# 0-1


[Site "https://www.chess.com"]

[Event "Titled Tuesday Blitz November 01 Early 2022"]
[White "Mitrovic, Darko R"]
[Black "Omariev, Maksim"]
[WhiteFideId "927023"]
[BlackFideId "4193423"]
[WhiteElo "2150"]
[BlackElo "2399"]
[Result "0-1"]
[Round "09"]
[TimeControl "180+1"]
[Date "2022.11.02"]
[WhiteClock "0:00:08"]
[BlackClock "0:00:27"]

1. d4 h5 2. h4 a5 3. a4 d5 4. g3 Nf6 5. Nf3 Bf5 6. Bg2 e6 7. Bf4 Be7 8. O-O Ne4 9. Nbd2 g5 10. Nxg5 Nxg5 11. hxg5 Bxg5 12. Bxg5 Qxg5 13. Nf3 Qg7 14. Nh4 Be4 15. Bxe4 dxe4 16. e3 Nd7 17. Qe2 Rg8 18. c3 Qg5 19. Kh2 O-O-O 20. b4 Nf6 21. bxa5 Ng4+ 22. Kh3 Qxa5 23. Rab1 Rg5 24. Rb4 Rdg8 25. Rfb1 b6 26. Rb5 Qxa4 27. Rxg5 Rxg5 28. Qb2 Ra5 29. Qb4 Qxb4 30. cxb4 Nxf2+ 31. Kg2 Ra2 32. Rf1 Ng4+ 33. Kg1 f5 34. Ng2 Rxg2+ 35. Kxg2 Nxe3+ 36. Kf2 Nxf1 37. Kxf1 Kb7 38. Ke2 Kc6 39. Ke3 Kd5 40. b5 Kc4 41. Kf4 Kxd4 42. Kg5 e3 43. Kxh5 e2 44. Kg5 e1=Q 45. Kf6 Qxg3 46. Kxe6 Qd6+ 47. Kxf5 Kc5 48. Ke4 Kxb5 49. Ke3 c5 50. Ke4 Kc6 51. Ke3 b5 52. Ke4 b4 53. Ke3 Kb5 54. Ke4 c4 55. Ke3 Qc5+ 56. Ke4 b3 57. Kf3 Kb4 58. Ke4 c3 59. Kf3 b2 60. Ke4 Kb3 61. Kd3 c2 62. Ke4 c1=Q 63. Kf3 b1=Q 64. Kg4 Qe4+ 65. Kg3 Q1e3+ 66. Kh2 Qh5# 0-1


[Site "https://www.chess.com"]

[Event "Titled Tuesday Blitz November 01 Early 2022"]
[White "Mladenovic, Stefan"]
[Black "Costachi, Mihnea"]
[WhiteFideId "942227"]
[BlackFideId "1217518"]
[WhiteElo "2337"]
[BlackElo "2437"]
[Result "0-1"]
[Round "09"]
[TimeControl "180+1"]
[Date "2022.11.02"]
[WhiteClock "0:00:03"]
[BlackClock "0:00:12"]

1. d4 Nf6 2. Nf3 c5 3. d5 g6 4. Nc3 Bg7 5. e4 O-O 6. Be2 d6 7. Nd2 a6 8. a4 e5 9. O-O Ne8 10. Nc4 f5 11. f4 Nd7 12. exf5 gxf5 13. fxe5 Nxe5 14. Bf4 Bd7 15. Qd2 Qf6 16. Nxe5 dxe5 17. Bg5 Qd6 18. a5 Nc7 19. Bc4 Kh8 20. Na4 Bb5 21. Bxb5 axb5 22. Nb6 Rae8 23. Rad1 f4 24. c4 Qg6 25. Bh4 e4 26. Rxf4 Bd4+ 27. Kh1 e3 28. Rxf8+ Rxf8 29. Qe2 bxc4 30. Bg3 Ne8 31. Nxc4 Nf6 32. Ne5 Qe4 33. Nf3 Nxd5 34. h3 Nf4 35. Bxf4 Rxf4 36. b4 Rf8 37. bxc5 Bxc5 38. Rd7 Be7 39. Qb2+ Bf6 40. Qe2 Re8 41. Rd6 Bg7 42. Rd7 Qb1+ 43. Kh2 Qa1 44. h4 Be5+ 45. Kh3 Rg8 46. Ng5 Qh1+ 47. Kg4 Rg7 48. Rd8+ Rg8 49. Rd7 Qb1 50. Qd3 Qxd3 51. Rxd3 h6 52. Kf5 hxg5 53. Kxe5 e2 54. Re3 Re8+ 0-1


[Site "https://www.chess.com"]

[Event "Titled Tuesday Blitz November 01 Early 2022"]
[White "Muminova, Nafisa"]
[Black "Khamdamova, Afruza"]
[WhiteFideId "14201526"]
[BlackFideId "14210444"]
[WhiteElo "2258"]
[BlackElo "2018"]
[Result "0-1"]
[Round "09"]
[TimeControl "180+1"]
[Date "2022.11.02"]
[WhiteClock "0:00:16"]
[BlackClock "0:00:12"]

1. e4 e5 2. d4 exd4 3. Qxd4 Nc6 4. Qe3 Nf6 5. Nc3 Be7 6. Bd2 d5 7. exd5 Nxd5 8. Nxd5 Qxd5 9. Nf3 O-O 10. Be2 Bf5 11. c4 Qe6 12. O-O Bf6 13. Qxe6 Bxe6 14. Bf4 Rac8 15. Rad1 h6 16. b3 g5 17. Bg3 g4 18. Nd2 Rfd8 19. Ne4 Bg7 20. Rxd8+ Nxd8 21. Rd1 Nc6 22. Nc5 Bf5 23. Nxb7 Nd4 24. Bf1 Rb8 25. Nc5 Rd8 26. Re1 c6 27. Bc7 Rc8 28. Bg3 h5 29. Bd3 Bf6 30. Bxf5 Nxf5 31. Nd7 Bg5 32. Ne5 h4 33. Bxh4 Nxh4 34. Nxg4 f5 35. Ne5 Re8 36. g3 Rxe5 37. Rxe5 Nf3+ 38. Kg2 Nxe5 39. f4 Bf6 40. fxe5 Bxe5 41. Kf3 Kf7 42. h3 Kg6 43. g4 fxg4+ 44. hxg4 Kf6 45. Ke4 Ke6 46. b4 Bc3 47. b5 c5 48. a4 Bd2 49. a5 Bxa5 50. g5 Bc3 51. g6 Bg7 52. Kf4 Bf6 53. Ke4 Be5 54. Ke3 Kf5 55. Kf3 Bd4 56. g7 Bxg7 57. Ke3 Bd4+ 58. Kd3 Ke5 59. Kd2 Ke4 60. Ke2 Bc3 61. Kd1 Kd4 62. Kc1 Kxc4 63. Kb1 Kxb5 64. Ka2 Kb4 65. Kb1 a5 66. Ka2 a4 67. Kb1 Kb3 68. Kc1 a3 69. Kb1 a2+ 70. Kc1 a1=R# 0-1


[Site "https://www.chess.com"]

[Event "Titled Tuesday Blitz November 01 Early 2022"]
[White "Myshakov, Fyodor"]
[Black "Vifleemskaia, Svetlana"]
[WhiteFideId "14111284"]
[BlackFideId "4129490"]
[WhiteElo "2310"]
[BlackElo "1929"]
[Result "1-0"]
[Round "09"]
[TimeControl "180+1"]
[Date "2022.11.02"]
[WhiteClock "0:02:15"]
[BlackClock "0:01:05"]

1. c4 c5 2. Nc3 Nf6 3. Nf3 d5 4. cxd5 Nxd5 5. Nxd5 Qxd5 6. g3 Nc6 7. Bg2 e5 8. d3 Be7 9. O-O O-O 10. Be3 Qd6 11. Rc1 Nd4 12. a3 Rb8 13. Nxd4 cxd4 14. Bd2 Be6 15. Bb4 Qd7 16. Bxe7 Qxe7 17. Qa4 a6 18. Rc2 Qd6 19. Rfc1 g6 20. h4 h5 21. Rc7 Rfc8 22. Rxc8+ Rxc8 23. Rxc8+ Bxc8 24. Qe8+ Qf8 25. Qxe5 Qc5 26. Qxc5 1-0


[Site "https://www.chess.com"]

[Event "Titled Tuesday Blitz November 01 Early 2022"]
[White "Namitbir Singh Walia"]
[Black "Toshali, V"]
[WhiteFideId "35071068"]
[BlackFideId "5072611"]
[WhiteElo "2239"]
[BlackElo "1973"]
[Result "1-0"]
[Round "09"]
[TimeControl "180+1"]
[Date "2022.11.02"]
[WhiteClock "0:00:11"]
[BlackClock "0:01:23"]

1. d4 d5 2. c4 c6 3. Nf3 Nf6 4. g3 Bg4 5. Bg2 Nbd7 6. O-O e6 7. Qc2 Bf5 8. Qb3 Qb6 9. c5 Qa6 10. Nc3 Be7 11. Re1 O-O 12. Bd2 b6 13. cxb6 Nxb6 14. Ne5 c5 15. dxc5 Bxc5 16. e4 dxe4 17. Nxe4 Nxe4 18. Bxe4 Bxe4 19. Rxe4 Rfd8 20. Bg5 Rd5 21. Be3 Bxe3 22. Rxe3 Rad8 23. Rae1 Na4 24. Rf3 Nc5 25. Qc2 f6 26. Ng4 Nd3 27. Rd1 Nb4 28. Rxd5 exd5 29. Qf5 d4 30. a3 Nc6 31. Qe6+ Kh8 32. Rxf6 d3 33. Nh6 gxh6 34. Rf7 1-0


[Site "https://www.chess.com"]